 Dungeon Crawl Stone Soup version 0.19-a0-1886-gd64a0f0 (webtiles) character file.

5189 Leibowitz the Cleaver (level 10, -2/83 HPs)
             Began as a Demigod Fighter on Oct 16, 2016.
             Slain by an orc warrior
             ... wielding a +0 glaive
              (18 damage)
             ... on level 9 of the Dungeon.
             The game lasted 00:27:33 (8327 turns).

Leibowitz the Cleaver (Demigod Fighter)             Turns: 8327, Time: 00:27:34

Health: -2/83      AC: 13    Str: 25    XL:     10   Next: 12%
Magic:  13/13      EV:  9    Int: 12    God:
Gold:   235        SH: 15    Dex: 15    Spells: 0 memorised, 9 levels left

rFire  . . .     SeeInvis .     a - +4 war axe (flame)
rCold  + . .     Gourm    .     j - +0 chain mail
rNeg   . . .     Faith    .     y - +4 shield "Ledyofaquj" {rC+}
rPois  +         Spirit   .     (helmet restricted)
rElec  .         Dismiss  .     p - +2 cloak
rCorr  .         Reflect  .     (no gloves)
MR     ++...     Harm     .     (no boots)
Stlth  ..........               (no amulet)
                                i - ring of protection from magic
                                A - ring of poison resistance

@: no status effects
A: horns 1, high mp 1
a: no special abilities


You were on level 9 of the Dungeon.
You were hungry.

You visited 1 branch of the dungeon, and saw 9 of its levels.

You collected 501 gold pieces.
You spent 266 gold pieces at shops.

Inventory:

Hand Weapons
 a - a +4 war axe of flaming (weapon)
 b - a +0 blowgun
Missiles
 e - 52 poisoned needles
 x - 2 throwing nets (quivered)
Armour
 j - a +0 chain mail (worn)
 p - a +2 cloak (worn)
 y - the +4 shield "Ledyofaquj" (worn) {rC+}
   (You bought it in a shop on level 6 of the Dungeon)

   It protects you from cold.
Jewellery
 i - a ring of protection from magic (right hand)
 t - an uncursed ring of ice
 A - a ring of poison resistance (left hand)
Scrolls
 c - 3 scrolls of enchant weapon
 m - 6 scrolls of remove curse
 o - 10 scrolls of identify
 r - a scroll of teleportation
 s - a scroll of amnesia
 u - a scroll of magic mapping
 z - a scroll of fear
Potions
 d - 2 potions of might
 g - 4 potions of curing
 h - a potion of haste
 n - a potion of berserk rage
 q - a potion of heal wounds
 B - a potion of cancellation
Comestibles
 f - 7 bread rations
 l - 4 fruits
 v - 5 meat rations
 w - 2 beef jerkies


   Skills:
 * Level 5.7 Fighting
 * Level 9.1 Axes
 + Level 1.8 Throwing
 * Level 5.8 Armour
 * Level 4.4 Dodging
 + Level 1.3 Stealth
 * Level 6.6 Shields
   Level 0.6 Evocations


You had 9 spell levels left.
You didn't know any spells.

Dungeon Overview and Level Annotations

Branches:
Dungeon (9/15)             Temple (0/1) D:6
   Lair: D:8-11         Orc: D:9-12

Shops:
D:2 *   D:6 *


Innate Abilities, Weirdness & Mutations

You have an increased reservoir of magic. (+10% MP)
You have a pair of small horns on your head.


Message History

Your headbutt misses the orc warrior.
The orc warrior is moderately wounded.
You hit the orc. You burn the orc.
You kill the orc!
You block the orc warrior's attack.
You hit the orc warrior. You burn the orc warrior.
You headbutt the orc warrior.
The orc warrior is severely wounded.
The orc warrior hits you with a glaive!!
* * * LOW HITPOINT WARNING * * *
You feel much better. You block the orc warrior's attack.
You closely miss the orc warrior.
The orc warrior is heavily wounded.
The orc warrior hits you with a glaive!
* * * LOW HITPOINT WARNING * * *
You hit the orc warrior but do no damage.
You headbutt the orc warrior.
The orc warrior is severely wounded.
The orc warrior hits you with a glaive!!
You die...

#.# #.......#.##.# #.#
###.####.###.#.#.##.# ##'##
#........# #.#.#.##.# ##...##
#.#.###..###.....##.###.....##
##.#..##.........###.##.......##
#...#.##.####.....##.#.........##
............[........'.........'.
#........######...####.........##
##.##.##.## ##@o# ##.......##
#.........# ##)# ##.....##
#..##.##..# #.# ##.<.##
#..##.##..# ... ##'## #.........#
...# #.# ##.##.##.## ###. #.#
#.##.##.# .. ##.## ##.......# ..
##...## ## ......#### #.....###.


You could see an orc warrior.

Vanquished Creatures
  The ghost of Naow the Cleaver, a novice FoFi of Makhleb (D:7)
  Pikel (D:5)
  Maurice (D:8)
  Prince Ribbit (D:9)
  A hungry ghost (D:7)
  Edmund (D:5)
  A water moccasin (D:9)
  2 ice beasts
  2 sky beasts (D:5)
  2 phantoms (D:8)
  A black bear (D:7)
  An orc warrior (D:8)
  5 ogres
  3 centaurs
  A big kobold (D:7)
  2 bullfrogs
  A wyvern skeleton (D:6)
  3 killer bees (D:9)
  2 scorpions
  4 wights (D:7)
  An electric eel (D:9)
  A centaur zombie (D:7)
  4 crimson imps
  2 hounds (D:7)
  A jelly (D:5)
  3 bullfrog skeletons
  4 orc priests
  A gnoll shaman (D:8)
  A centaur skeleton (D:9)
  2 iguanas
  3 worker ants
  6 orc wizards
  A hound skeleton (D:7)
  8 adders
  14 gnolls
  7 river rats (D:9)
  A shadow imp (D:9)
  3 oozes
  2 adder skeletons
  2 worms
  3 dart slugs
  4 leopard geckos
  28 orcs
  11 bats
  5 giant cockroaches
  5 goblins
  8 hobgoblins
  13 jackals
  4 quokkas
  A ball python (D:5)
  3 frilled lizards
  A jackal zombie (D:7)
  9 kobolds
  A leopard gecko zombie (D:6)
  A quokka skeleton (D:4)
  24 rats
224 creatures vanquished.

Vanquished Creatures (others)
  A water moccasin skeleton (D:5)
  A giant cockroach (D:5)
2 creatures vanquished.

Grand Total: 226 creatures vanquished

Notes
Turn   | Place    | Note
-------+----------+-------------------------------------------
     0 | D:1      | Leibowitz the Demigod Fighter began the quest for the Orb.
     0 | D:1      | Reached XP level 1. HP: 18/18 MP: 3/3
   209 | D:1      | Reached XP level 2. HP: 25/25 MP: 4/4
   317 | D:1      | Reached skill level 2 in Axes
   741 | D:1      | Reached XP level 3. HP: 28/30 MP: 5/5
  1178 | D:2      | Found Zin's Purification Station.
  1187 | D:2      | Found a glowing silver altar of Zin.
  1536 | D:2      | Reached XP level 4. HP: 34/37 MP: 6/6
  1624 | D:2      | Found a bloodstained altar of Trog.
  2427 | D:3      | Found a faded altar of an unknown god.
  2427 | D:3      | Found a faded altar of an unknown god.
  2432 | D:3      | Found an iron altar of Okawaru.
  2434 | D:3      | Found a faded altar of an unknown god.
  2435 | D:3      | Found a shattered altar of Ashenzari.
  2442 | D:3      | Reached skill level 1 in Dodging
  2682 | D:3      | Reached skill level 3 in Axes
  2763 | D:4      | Reached XP level 5. HP: 45/45 MP: 7/7
  2790 | D:4      | Noticed an ogre
  2799 | D:4      | Killed an ogre
  3381 | D:4      | Reached XP level 6. HP: 45/51 MP: 8/8
  3685 | D:5      | Entered Level 5 of the Dungeon
  3690 | D:5      | Reached skill level 4 in Axes
  3919 | D:5      | Reached XP level 7. HP: 16/57 MP: 8/10
  3953 | D:5      | Reached skill level 5 in Axes
  4447 | D:5      | Noticed Pikel
  4468 | D:5      | Killed Pikel
  4468 | D:5      | Reached skill level 6 in Axes
  4468 | D:5      | Reached skill level 1 in Throwing
  4468 | D:5      | Reached skill level 5 in Shields
  4468 | D:5      | Reached XP level 8. HP: 59/67 MP: 11/11
  4730 | D:5      | Noticed Edmund
  4777 | D:5      | Killed Edmund
  5410 | D:6      | Found a staircase to the Ecumenical Temple.
  5464 | D:6      | Reached skill level 7 in Axes
  5660 | D:6      | Found Sifiod's Assorted Antiques.
  5665 | D:6      | Bought a coppery potion for 18 gold pieces
  5665 | D:6      | Bought a bubbling red potion for 18 gold pieces
  5665 | D:6      | Bought a scroll labeled XIMIUM YDYRUCY for 20 gold pieces
  5665 | D:6      | Bought a scroll labeled NUHAMU DUDACH for 20 gold pieces
  5665 | D:6      | Bought a warped shield for 190 gold pieces
  5675 | D:6      | Identified the +4 shield "Ledyofaquj" {rC+} (You bought it in a shop on level 6 of the Dungeon)
  6004 | D:7      | Reached skill level 1 in Stealth
  6025 | D:7      | Reached XP level 9. HP: 55/73 MP: 12/12
  6050 | D:7      | Reached skill level 5 in Fighting
  6069 | D:7      | Noticed Naow's ghost (novice FoFi)
  6082 | D:7      | Killed Naow's ghost
  6082 | D:7      | Reached skill level 8 in Axes
  6082 | D:7      | Reached skill level 5 in Armour
  7243 | D:8      | Gained mutation: You have a pair of small horns on your head. [potion of beneficial mutation]
  7273 | D:8      | Noticed Maurice
  7277 | D:8      | Killed Maurice
  7545 | D:9      | Noticed Prince Ribbit
  7567 | D:9      | Killed Prince Ribbit
  7680 | D:9      | Reached XP level 10. HP: 82/82 MP: 13/13
  7799 | D:9      | Reached skill level 9 in Axes
  8327 | D:9      | Slain by an orc warrior

Vault maps used:
D:1:      dpeg_arrival_houses_and_road, minmay_quantized
D:2:      old_standard_altar, zin_purify, first_bread, minmay_misc_feat_x,
          st_stairs_7
D:3:      chequers_temple_overflow_minitemple
D:5:      uniq_edmund, uniq_pikel
D:6:      serial_shops, kennysheep_little_box
D:8:      uniq_maurice
D:9:      lemuel_coloured_pillars_altar, minmay_crystal_water, the_bakery,
          dk_rats_in_the_wall, uniq_prince_ribbit1

Skill      XL: |  1  2  3  4  5  6  7  8  9 10 |
---------------+-------------------------------+-----
Shields        | 3 4 5 6 |  6.6
Armour         | 3 4 5 |  5.8
Axes           | 2 3 4 6 7 8 9 |  9.1
Dodging        | 1 2 3 4 |  4.4
Fighting       | 3 4 5 |  5.7
Throwing       | 1 |  1.8
Stealth        | 1 |  1.3
Evocations     | |  0.6

Action                   |  1- 3 |  4- 6 |  7- 9 | 10-12 || total
-------------------------+-------+-------+-------+-------++-------
Melee: War axe           |   180 |   181 |   330 |    58 ||   749
       Headbutt          |       |       |     3 |     9 ||    12
 Fire: Blowgun           |       |     5 |    33 |       ||    38
Evoke: Wand              |       |    12 |     2 |       ||    14
  Use: Potion            |       |       |    15 |     1 ||    16
       Scroll            |       |       |    12 |       ||    12
 Stab: Invisible         |       |       |     1 |       ||     1
  Eat: Chunk             |     2 |     8 |    16 |     1 ||    27
Armor: Scale mail        |    86 |    77 |    73 |       ||   236
       Chain mail        |       |       |    69 |    10 ||    79
Dodge: Dodged            |    63 |    47 |    83 |    13 ||   206
Block: Shield            |   101 |    95 |   226 |    47 ||   469
